 Dungeon Crawl Stone Soup version 0.29-a0-330-g52719c12eb (webtiles) character file.

Game seed: 12275307664166580900

1167 Argons the Grappler (level 8, -9/61 HPs)
             Began as a Ghoul Fire Elementalist on Apr 27, 2022.
             Was a Follower of Makhleb.
             Mangled by a wight
             ... wielding a +5 great sword of freezing
              (18 damage)
             ... on level 6 of the Dungeon.
             The game lasted 00:31:20 (7411 turns).

Argons the Grappler (Ghoul Fire Elementalist)       Turns: 7411, Time: 00:31:21

Health: -9/61      AC:  4    Str: 14    XL:     8   Next: 40%
Magic:  6/9        EV: 12    Int: 10    God:    Makhleb [*.....]
Gold:   401        SH:  0    Dex:  9    Spells: 7/10 levels left

rFire   . . .      SeeInvis .     - Unarmed
rCold   + . .      Faith    .   (no shield)
rNeg    + + +      Spirit   .   a - +0 robe
rPois   ∞          Reflect  .   (no helmet)
rElec   .          Harm     .   s - +0 cloak
rCorr   .          Rampage  .   (no gloves)
Will    .....                   l - +0 pair of boots
Stlth   ++........              (no amulet)
HPRegen 0.00/turn               n - +4 ring of slaying
MPRegen 0.11/turn               (no ring)

@: inhibited regen
A: claws 1, cold resistance 1, negative energy resistance 3, inhibited
regeneration, torment resistance 2, devour on kill
a: Renounce Religion


You were on level 6 of the Dungeon.
You worshipped Makhleb.
Makhleb was aware of your devotion.
You visited 1 branch of the dungeon, and saw 6 of its levels.
You also visited: Sewer.

You collected 401 gold pieces.

Inventory:

Hand Weapons
 r - the +5 mace of Causality {drain, rElec rF- Int-3 SInv}
   (You found it on level 3 of the Dungeon)

   A truly terrible weapon, it drains the life of any living foe it strikes.
   Int:       It affects your intelligence (-3).
   rF:        It makes you vulnerable to fire.
   rElec:     It insulates you from electricity.
   SInv:      It lets you see invisible.
Missiles
 j - 6 javelins
 k - 8 poisoned darts
 u - 8 boomerangs
Armour
 a - a +0 robe (worn)
 l - a +0 pair of boots (worn)
 s - a +0 cloak (worn)
 x - a +0 buckler
Jewellery
 n - a +4 ring of slaying (left claw)
Wands
 p - a wand of mindburst (3)
Scrolls
 d - a scroll of summoning
 e - 2 scrolls of fear
 f - 2 scrolls of vulnerability
 o - a scroll of magic mapping
 q - a scroll of enchant weapon
 w - a scroll of silence {unknown}
 y - a scroll of brand weapon {unknown}
 A - a scroll of immolation {unknown}
 B - a scroll of teleportation {unknown}
Potions
 b - a potion of magic
 c - 2 potions of ambrosia
 g - 3 potions of curing
 h - a potion of invisibility
 i - 4 potions of heal wounds
 m - 4 potions of flight
 t - 2 potions of haste
 v - a potion of resistance {unknown}
 z - a potion of might {unknown}


   Skills:
 - Level 2.0 Fighting
 - Level 1.7 Dodging
 - Level 2.1 Stealth
 + Level 10.3 Unarmed Combat
 - Level 1.7 Spellcasting
 - Level 0.7 Conjurations
 - Level 2.4 Fire Magic


You had 7 spell levels left.
You knew the following spells:

 Your Spells              Type           Power      Damage    Failure   Level
a - Foxfire               Conj/Fire      16%        2x1d4     17%         1
b - Scorch                Fire           10%        2d6       19%         2

Your spell library contained the following spells:

 Spells                   Type           Power      Damage    Failure   Level
 Conjure Flame            Conj/Fire      4%         6-21      45%         3
 Inner Flame              Hex/Fire       3%         N/A       52%         3
 Gell's Gravitas          Tloc           0%         N/A       67%         3
 Teleport Other           Tloc           0%         N/A       67%         3
 Flame Wave               Conj/Fire      4%         2d5       86%         4
 Dispersal                Tloc           0%         N/A       100%        6


Dungeon Overview and Level Annotations

Branches:
Dungeon (6/15)             Temple (0/1) D:5           Sewer (visited)

Altars:
Ashenzari
Hepliaklqana
Makhleb
Uskayaw
Xom

Shops:
D:2 (   D:4 =

Annotations:
D:6 3 runed translucent doors, qborf's ghost, novice TeCj


Innate Abilities, Weirdness & Mutations

You are immune to poison.
You have sharp fingernails.
Your flesh is cold resistant. (rC+)
You are immune to negative energy. (rN+++)
You do not regenerate when monsters are visible.
You are immune to unholy pain and torment.
You thrive by killing the living.


Message History

You closely miss the phantom. The phantom closely misses you.
You barely miss the phantom. You claw the phantom!
The phantom is heavily damaged.
The phantom hits you.
You claw the phantom!
You destroy the phantom!
Makhleb accepts your kill.
You feel better.
Your Unarmed Combat skill increases to level 10!
The wight hits you with a +2 trident of freezing.
The wight freezes you.
You barely miss the wight.
The wight is lightly damaged.
The wight hits you with a +2 trident of freezing!
The wight freezes you.
You scratch the wight but do no damage.
The wight is lightly damaged.
The wight misses you.
You scratch the wight.
The wight is lightly damaged.
The wight misses you. The wight barely misses you.
You barely miss the wight.
The wight is lightly damaged.
You claw the wight!
The wight is almost destroyed.
The wight closely misses you.
The wight hits you with a +5 great sword of freezing!
The wight freezes you.
You claw the wight!
You destroy the wight!
Makhleb accepts your kill.
You feel better.
The wight hits you with a +5 great sword of freezing.
You claw the wight!
The wight is severely damaged.
The wight hits you with a +0 great sword!
* * * LOW HITPOINT WARNING * * *
The wight hits you with a +5 great sword of freezing!!
You die...

#.....##...########...#
......##...###!..##...#
......#...........#...#
......#...........#...#
......#...........#)..#
...)..+...........'...+
#.##..###...###..########### ####
#.##.)###...###..##..###...###...
................@z...#.......#...
.................z...#.......#.:.
.....................#.......#...
................<....'.......'...
.....................#..>....#...
...............<.....#.......#...
#####..####..######'###########'#
..#########'###.##...# ..
...#............#....# ..


You could see 2 wights.

Vanquished Creatures
  Menkaure (D:4)
  Duvessa (D:4)
  A phantom (D:6)
  A kobold brigand (Sewer)
  A necrophage (D:5)
  A scorpion (D:5)
  A wight (D:6)
  Dowan (D:4)
  2 jellies (D:6)
  2 hounds
  2 orc priests (D:6)
  Crazy Yiuf (D:3)
  Jessica (D:3)
  2 iguanas (D:5)
  2 orc wizards
  Robin (D:1)
  4 adders
  2 river rats
  2 ufetubi
  A worm (D:5)
  3 dart slugs
  16 orcs
  6 bats
  8 endoplasms
  5 giant cockroaches
  19 goblins
  11 hobgoblins
  12 jackals
  3 kobolds
  6 quokkas
  6 ball pythons
  A frilled lizard (D:1)
  11 rats
  A toadstool (D:3)
138 creatures vanquished.

Vanquished Creatures (others)
  20 foxfires
  4 fungi (D:3)
  2 toadstools (D:3)
26 creatures vanquished.

Grand Total: 164 creatures vanquished

Notes
Turn   | Place    | Note
-------+----------+-------------------------------------------
     0 | D:1      | Argons the Ghoul Fire Elementalist began the quest for the
                  | Orb.
     0 | D:1      | Reached XP level 1. HP: 14/14 MP: 2/2
   279 | D:1      | Found a faded altar of an unknown god.
   378 | D:1      | Reached skill level 1 in Fighting
   378 | D:1      | Reached skill level 1 in Unarmed Combat
   378 | D:1      | Reached XP level 2. HP: 23/23 MP: 0/3
   673 | D:1      | Learned a level 2 spell: Scorch
   957 | D:1      | Reached XP level 3. HP: 29/29 MP: 1/4
  1082 | D:1      | Reached skill level 2 in Unarmed Combat
  1648 | D:2      | Noticed Robin
  1937 | D:1      | Killed Robin
  1938 | D:1      | Reached skill level 3 in Unarmed Combat
  1938 | D:1      | Reached XP level 4. HP: 24/36 MP: 0/5
  3015 | D:2      | Found Koasimar's Weapon Boutique.
  3166 | D:3      | Found a broken altar of Ashenzari.
  3343 | D:3      | Found a glowing drain.
  3356 | D:3      | Reached skill level 4 in Unarmed Combat
  3422 | Sewer    | Entered a sewer
  3434 | Sewer    | Reached XP level 5. HP: 41/41 MP: 4/6
  3499 | Sewer    | Noticed a kobold brigand
  3572 | Sewer    | Killed a kobold brigand
  3573 | Sewer    | Reached skill level 5 in Unarmed Combat
  3958 | D:3      | Found a hazy altar of Hepliaklqana.
  4113 | D:3      | Noticed Jessica
  4123 | D:3      | Killed Jessica
  4124 | D:3      | Reached XP level 6. HP: 48/48 MP: 7/7
  4437 | D:3      | Found a runed translucent door.
  4438 | D:3      | Noticed Crazy Yiuf
  4443 | D:3      | Killed Crazy Yiuf
  4444 | D:3      | Reached skill level 6 in Unarmed Combat
  4447 | D:3      | Identified the +5 mace of Causality {drain, rElec rF- Int-3
                  | SInv}
  4698 | D:4      | Found a burning altar of Makhleb.
  4743 | D:4      | Became a worshipper of Makhleb the Destroyer
  4916 | D:4      | Found a hide-covered altar of Uskayaw.
  4921 | D:4      | Found a shimmering altar of Xom.
  4984 | D:4      | Noticed Menkaure
  5000 | D:4      | Killed Menkaure
  5001 | D:4      | Reached skill level 7 in Unarmed Combat
  5234 | D:4      | Reached XP level 7. HP: 55/55 MP: 2/8
  5368 | D:4      | Found Wyngomoe's Jewellery Emporium.
  5450 | D:4      | Noticed Dowan
  5714 | D:4      | Noticed Duvessa
  5723 | D:4      | Killed Duvessa
  5738 | D:4      | Killed Dowan
  5738 | D:4      | Reached * piety under Makhleb
  5739 | D:4      | Reached skill level 8 in Unarmed Combat
  5860 | D:5      | Entered Level 5 of the Dungeon
  5965 | D:5      | You fall into a shaft and drop 1 floor!
  6396 | D:5      | Found a staircase to the Ecumenical Temple.
  6525 | D:5      | Reached skill level 9 in Unarmed Combat
  6895 | D:6      | Reached XP level 8. HP: 61/61 MP: 4/9
  7271 | D:6      | Found a runed translucent gate.
  7272 | D:6      | Found a runed translucent gate.
  7272 | D:6      | Noticed qborf's ghost (novice TeCj)
  7273 | D:6      | Found a runed translucent gate.
  7403 | D:6      | Reached skill level 10 in Unarmed Combat
  7411 | D:6      | Mangled by a wight

Illustrated notes

Levels and vault maps discovered:
D:1:      dpeg_arrival_rooms_c, layout_loops_corners,
          shapermc_ecumenical_altar_notcrosses
D:2:      layout_rooms, serial_shops, nicolae_shop_bloodbath_and_beyond,
          grunt_ministairs_8, uniq_robin
D:3:      layout_basic, amcnicky_altar_gilded,
          mainiacjoe_overflow_surrounded_room, portal_sewer_entry_a,
          kennysheep_cross_room, supply_closet_lemuel, corner_web_ring,
          st_stairs_12, minmay_gold_behind_fungi, uniq_jessica,
          uniq_crazy_yiuf_cottage
D:4:      layout_loops_ring, marbit_many_paths, mainiacjoe_overflow_big_doors,
          nicolae_take_the_stairs, uniq_menkaure, uniq_duvessa
D:5:      wander_river, layout_basic, temple_pool_b, grunt_decor_arrowhead,
          hangedman_abyss_or_decor_stagger
D:6:      layout_gridville, gammafunk_ghost_nasty_kobolds

Skill      XL: |  1  2  3  4  5  6  7  8 |
---------------+-------------------------+-----
Fighting       | 1 2 |  2.0
Unarmed Combat | 1 3 4 5 7 9 10 | 10.3
Dodging        | |  1.7
Stealth        | |  2.1
Spellcasting   | |  1.7
Conjurations   | |  0.7
Fire Magic     | |  2.4

Action                   |  1- 3 |  4- 6 |  7- 9 || total
-------------------------+-------+-------+-------++-------
Melee: Unarmed           |    66 |   100 |    86 ||   252
       Punch             |       |     7 |     3 ||    10
 Cast: Foxfire           |    10 |     2 |       ||    12
       Scorch            |    21 |    39 |    34 ||    94
  Use: Scroll            |     3 |     3 |     6 ||    12
       Potion            |     1 |       |       ||     1
 Stab: Sleeping          |     1 |     1 |     1 ||     3
Armor: Robe              |    10 |    15 |     8 ||    33
Dodge: Dodged            |    55 |    63 |    35 ||   153

Table legend: (Time is in decaauts)
 A = Elapsed time spent in this place.
 B = Non-inter-level travel time spent in this place.
 C = Inter-level travel time spent in this place.
 D = Time resting spent in this place.
 E = Time spent auto-exploring this place.
 F = Levels seen in this place.
 G = Mean time per level.
                   A        B        C        D        E       F      G
               +--------+--------+--------+--------+--------+-----+--------+
         Total |   7437 |   7150 |    287 |   2278 |    432 |   7 | 1062.4 |
       Dungeon |   6976 |   6689 |    287 |   2117 |    432 |   6 | 1162.7 |
         Sewer |    461 |    461 |      0 |    161 |      0 |   1 |  461.0 |
               +--------+--------+--------+--------+--------+-----+--------+

Top non-repeatable levels by time:
     D:1: 2452 daAuts
     D:3: 1146 daAuts
     D:4: 1124 daAuts
     D:5: 943 daAuts
     D:2: 690 daAuts
     D:6: 618 daAuts
   Sewer: 461 daAuts
